 Dungeon Crawl Stone Soup version 0.18.1-50-g88ac8fd (webtiles) character file.

52632 GammafunkIsABaby the Placeless Elf (level 14, -13/92 HPs)
             Began as a High Elf Ice Elementalist on June 10, 2018.
             Was an Elder of Nemelex Xobeh.
             Mangled by an angel
             ... wielding a +3 whip of holy wrath
              (27 damage)
             ... on level 2 of the Abyss.
             The game lasted 03:00:02 (8389 turns).

GammafunkIsABaby the Placeless Elf (HEIE)           Turns: 8389, Time: 03:00:03

Health: -13/92     AC: 10    Str: 10      XL:     14   Next: 27%
Magic:  1/29       EV: 29    Int: 20 (24) God:    Nemelex Xobeh [****..]
Gold:   557        SH:  0    Dex: 22      Spells: 10 memorised, 1 level left

rFire  . . .     SeeInvis .     f - staff of energy
rCold  . . .     Gourm    .     K - +2 robe {rN+}
rNeg   + . .     Faith    .     (no shield)
rPois  .         Spirit   .     (helmet restricted)
rElec  .         Dismiss  .     (no cloak)
rCorr  .         Reflect  .     h - +2 pair of gloves
SustAt .         Harm     .     n - +2 pair of boots
MR     +....     Clarity  +     v - amulet "Guetzasola" {Regen+ Int+4 Dex+4}
Stlth  +.........               w - +4 ring of evasion
                                O - +3 ring of evasion

@: very slightly contaminated, regenerating, glowing, repel missiles, somewhat
resistant to hostile enchantments, very unstealthy
A: horns 1, repulsion field 1, clarity, deterioration 1
a: Triple Draw, Deal Four, Renounce Religion


You were on level 2 of the Abyss.
You worshipped Nemelex Xobeh.
Nemelex Xobeh was greatly pleased with you.
You were not hungry.

You visited 4 branches of the dungeon, and saw 24 of its levels.
You visited the Abyss 1 time.
You also visited: Labyrinth, Ossuary and Ice Cave.

You collected 699 gold pieces.

Inventory:

Hand Weapons
 a - a +5 hand axe of flaming
 b - a +0 scythe
Armour
 h - a +2 pair of gloves (worn)
 n - a +2 pair of boots (worn)
 r - a +2 helmet
 y - the +1 leather armour of Spite {rPois Regen+ rCorr Str-3}
   (You found it on level 1 of the Spider Nest)

   It affects your strength (-3).
   It protects you from poison.
   It increases your rate of regeneration.
   It protects you from acid and corrosion.
 K - a +2 robe of positive energy (worn)
Magical Staves
 f - an uncursed staff of energy (weapon)
Jewellery
 l - the ring "Cafei" {MR+ Str+6}
   (You found it on level 2 of the Spider Nest)

   [ring of protection from magic]

   It affects your strength (+6).
   It affects your resistance to hostile enchantments.
 m - an uncursed ring of fire
 v - the amulet "Guetzasola" (around neck) {Regen+ Int+4 Dex+4}
   (You found it on level 5 of the Dungeon)

   [amulet of regeneration]

   It affects your intelligence (+4).
   It affects your dexterity (+4).
   It increases your rate of regeneration.
 w - a +4 ring of evasion (right hand)
 x - the ring "Ejinto Yjeng" {Ice MR+}
   (You found it on level 5 of the Dungeon)

   [ring of ice]

   It enhances your ice magic, and weakens your fire magic.
   It makes you vulnerable to fire.
   It protects you from cold.
   It affects your resistance to hostile enchantments.
 z - an uncursed ring of magical power
 O - a +3 ring of evasion (left hand)
 R - an uncursed ring of poison resistance
Wands
 s - a wand of random effects (27/48)
 I - a wand of digging (1/24)
 J - a wand of iceblast (0/15)
 Q - a wand of teleportation (0/9)
 T - a wand of lightning (9/15)
Scrolls
 d - 2 scrolls of amnesia
 q - 2 scrolls of enchant armour
 A - a scroll of magic mapping
 P - 2 scrolls of remove curse
 S - 3 scrolls of immolation
Potions
 e - 3 potions of cure mutation
 o - 2 potions of resistance
 p - 2 potions of flight
 u - a potion of brilliance
Books
 G - the Papyrus of Clay
   (You found it in a labyrinth)

   Spells                             Type                      Level
   a - Sandblast                      Earth                        1
   b - Passwall                       Transmutation/Earth          2
   c - Lee's Rapid Deconstruction     Earth                        5
   d - Iron Shot                      Conjuration/Earth            6
   e - Statue Form                    Transmutation/Earth          6
   f - Shatter                        Earth                        9
 Z - a Grand Grimoire

   Spells                             Type                      Level
   a - Monstrous Menagerie            Summoning                    7
   b - Summon Greater Demon           Summoning                    7
   c - Malign Gateway                 Summoning/Translocation      7
   d - Summon Horrible Things         Summoning                    8
Miscellaneous
 g - a crystal ball of energy
 F - a lamp of fire (inert)
 W - a stone of tremors (inert)
Comestibles
 c - 6 bread rations
 C - 2 beef jerkies
 H - 14 fruits
 M - 2 slices of pizza
 X - 2 meat rations


   Skills:
 - Level 7.6 Fighting
 - Level 8.7 Dodging
 - Level 2.1 Stealth
 - Level 10.3 Spellcasting
   Level 1.1 Conjurations
 - Level 4.6 Charms
 - Level 11.1 Summonings
 + Level 13.9 Translocations
 - Level 7.1 Ice Magic
 - Level 4.4 Air Magic
 - Level 7.7 Evocations


You had one spell level left.
You knew the following spells:

 Your Spells              Type           Power        Failure   Level  Hunger
a - Freeze                Ice            ####         1%          1    None
b - Apportation           Tloc           ######....   1%          1    None
c - Repel Missiles        Chrm/Air       ####..       1%          2    None
B - Summon Ice Beast      Ice/Summ       #####...     1%          4    None
D - Summon Demon          Summ           ######....   1%          5    None
G - Malign Gateway        Summ/Tloc      ######....   34%         7    None
N - Regeneration          Chrm/Necr      ###.......   10%         3    None
R - Deflect Missiles      Chrm/Air       ####......   98%         6    None
U - Summon Butterflies    Summ           ######..     1%          1    None
W - Swiftness             Chrm/Air       ####....     1%          2    None


Dungeon Overview and Level Annotations

Branches:
Dungeon (12/15)            Temple (1/1) D:7            Lair (8/8) D:11
 Spider (3/4) Lair:3        Slime (0/6) Lair:8
  Swamp: Lair:3-6    Shoals: Lair:3-6       Orc: D:9-12

Altars:
Ashenzari
Dithmenos
Elyvilon
Makhleb
Nemelex Xobeh
Okawaru
Pakellas
Ru
Sif Muna
Trog
Vehumet
Yredelemnul
Zin
The Shining One
Jiyva

Portals:
Hell: Lair:8

Annotations:
D:3 GammafunkIsABaby's ghost, weakling HEIE
Lair:4 GammafunkIsRetarded's ghost, novice HEIE
Lair:8 1 runed door


Innate Abilities, Weirdness & Mutations

You have a pair of small horns on your head.
You are surrounded by a mild repulsion field (EV +2).
You possess an exceptional clarity of mind.
Your body sometimes deteriorates upon taking damage.


Message History

Okay, then.
Unknown command.
Drink which item? (? for menu, Esc to quit)
Okay, then.
Unknown command.
Casting: Freeze
Confirm with . or Enter, or press ? or * to list all spells.
Okay, then.
Unknown command.
Casting: Freeze
Confirm with . or Enter, or press ? or * to list all spells.
Aiming: Freeze
Press: ? - help, Shift-Dir - straight line, f/p - angel
Aim: an angel, wielding a whip of holy wrath and wearing a robe (heavily wounded, haloed)
You freeze the angel.
The angel is heavily wounded.
The angel misses you. x2; Your hellwing closely misses the angel. x2
The angel hits you with a whip of holy wrath!!
You die...
Your body disappears without additional glow.

§ ####.#...
.
##@A4E..###
.####.### #
..### ..
..##%#
#.... # #
#...#. ##
.. ...A##.
.. .. .. #
§
§#.....##.
#. ##. # .
##.#....#.#
.. #..
#..#...####
#.....
###.#


You could see an angel, a friendly earth elemental and a friendly hellwing.

Vanquished Creatures
  An emperor scorpion (Lair:8)
  3 hydras
  An oklob plant (Lair:5)
  An ugly thing (D:9)
  A sixfirhy (Lair:8)
  A wolf spider (Spider:2)
  A rust devil (Lair:8)
  3 spiny frogs
  2 black mambas (Lair:8)
  A rime drake (Lair:8)
  A tormentor (Lair:8)
  4 jumping spiders
  A hellwing (Lair:8)
  A troll (Lair:8)
  A red devil (Lair:8)
  A boulder beetle (Lair:3)
  Sigmund (D:2)
  11 redbacks
  2 tarantellas (Spider:2)
  6 yaks
  A basilisk (Lair:5)
  5 porcupines
  A water moccasin (Lair:3)
  An ice beast (D:9)
  A sky beast (D:5)
  An orc warrior (D:9)
  A phantom (D:11)
  3 wolves
  A crocodile (Lair:3)
  3 giant frogs
  A scorpion (Lair:3)
  3 killer bees (D:11)
  A howler monkey (D:5)
  An orc priest (D:5)
  A human zombie (D:5)
  A giant frog skeleton (D:5)
  Ijyb (D:2)
  A worker ant (D:11)
  Natasha (D:3)
  2 orc wizards
  2 human skeletons (D:5)
  7 sheep (Lair:8)
  A hound skeleton (D:11)
  A howler monkey skeleton (D:11)
  4 adders
  7 river rats
  A shadow imp (D:6)
  4 white imps (D:11)
  An ooze (D:2)
  5 adder zombies (Ossuary)
  A dart slug (D:3)
  A giant gecko (D:5)
  7 orcs
  A giant cockroach (D:5)
  3 jackals (D:5)
  5 kobolds
  A quokka (D:5)
  3 bats
  4 giant newts
  2 goblins (D:1)
  5 goblin zombies (Ossuary)
  2 hobgoblin zombies (Ossuary)
  2 kobold zombies (Ossuary)
  An orc zombie (D:5)
  A quokka zombie (Ossuary)
  5 rats
  2 rat zombies (Ossuary)
  2 plants (D:11)
156 creatures vanquished.

Vanquished Creatures (collateral kills)
  Maud (Lair:6)
  2 ghost moths (Spider:2)
  An emperor scorpion (Spider:2)
  A salamander stormcaller (Abyss:2)
  A spark wasp (Spider:2)
  A minotaur (Lab)
  An entropy weaver (Spider:1)
  Josephine (Spider:1)
  3 hydras
  11 death yaks
  A fire crab (Lair:6)
  A salamander mystic (Abyss:2)
  A hill giant (D:10)
  12 orb spiders
  A wizard (Lair:8)
  A necromancer (IceCv)
  17 wolf spiders
  4 hornets
  14 elephants
  2 salamanders (Abyss:2)
  A rust devil (Lair:8)
  2 centaur zombies (D:11)
  A molten gargoyle (Lair:4)
  3 black mambas
  9 spiny frogs
  2 orange demons (Lair:8)
  2 torpor snails (Spider:1)
  A rime drake (Lair:7)
  5 komodo dragons
  A hellwing (Lair:8)
  7 demonic crawlers
  A red devil (Lair:8)
  19 jumping spiders
  A polar bear (Lair:3)
  A two-headed ogre (D:9)
  4 blink frogs (Lair:8)
  42 redbacks
  19 tarantellas
  2 wyverns
  4 wraiths (Spider:1)
  22 yaks
  A fire bat (Lair:8)
  2 basilisks
  5 hippogriffs
  A hungry ghost (D:11)
  A neqoxec (Abyss:2)
  14 water moccasins
  3 porcupines
  2 ice beasts
  A black bear (D:9)
  2 orc warriors
  An ogre (D:5)
  2 phantoms
  10 wolves
  10 crocodiles
  A small abomination (Abyss:2)
  A big kobold (D:9)
  2 elf zombies (D:5)
  7 giant frogs
  2 elf skeletons (D:5)
  A scorpion (Lair:3)
  2 wights (Abyss:2)
  16 killer bees (D:11)
  An electric eel (Lair:5)
  2 jellies
  3 orc priests
  An iguana (D:11)
  2 human skeletons (D:5)
  4 orc wizards
  4 worker ants
  A sheep (Lair:8)
  3 mummies (Ossuary)
  2 adders
  17 river rats
  2 shadow imps
  8 white imps (D:11)
  An ooze (D:9)
  2 worms (Lair:3)
  6 orcs
  3 giant cockroaches
  5 kobolds (D:9)
  An orc zombie (D:5)
  A rat zombie (Ossuary)
  3 fungi
385 creatures vanquished.

Vanquished Creatures (others)
  10 eldritch tentacles
  A jumping spider (Spider:2)
  2 wolves (Lair:8)
  889 eldritch tentacle segments
  8 fungi
  2 plants (Lair:8)
912 creatures vanquished.

Grand Total: 1453 creatures vanquished

Notes
Turn   | Place    | Note
--------------------------------------------------------------
     0 | D:1      | GammafunkIsABaby the High Elf Ice Elementalist began the quest for the Orb.
     0 | D:1      | Reached XP level 1. HP: 11/11 MP: 4/4
    93 | D:2      | Noticed Ijyb
   148 | D:2      | Killed Ijyb
   148 | D:2      | Reached XP level 2. HP: 14/17 MP: 0/7
   148 | D:2      | Reached XP level 3. HP: 17/21 MP: 0/8
   313 | D:3      | Noticed Natasha
   321 | D:3      | Killed Natasha
   321 | D:3      | Reached XP level 4. HP: 16/27 MP: 5/10
   331 | D:3      | Learned a level 4 spell: Summon Ice Beast
   351 | D:3      | Noticed GammafunkIsABaby's ghost (weakling HEIE)
   515 | D:2      | Noticed Sigmund
   537 | D:2      | Killed Sigmund
   537 | D:2      | Reached XP level 5. HP: 16/31 MP: 3/11
   590 | D:2      | Learned a level 1 spell: Apportation
   592 | D:2      | Learned a level 1 spell: Summon Butterflies
   676 | D:5      | Entered Level 5 of the Dungeon
   688 | D:5      | Got a twitching iron amulet
   690 | D:5      | Identified the amulet "Guetzasola" {Regen+ Int+4 Dex+4} (You found it on level 5 of the Dungeon)
   691 | D:5      | bretty gud
   723 | D:5      | Got a warped marble ring
   724 | D:5      | Identified the ring "Ejinto Yjeng" {Ice MR+} (You found it on level 5 of the Dungeon)
   751 | D:5      | Noticed a phantom
   757 | D:5      | Found a burning altar of Makhleb.
   790 | D:5      | Reached XP level 6. HP: 36/36 MP: 3/12
   837 | D:5      | Reached skill level 5 in Summonings
   865 | D:5      | Found a sand-covered staircase.
   877 | D:5      | Reached XP level 7. HP: 26/41 MP: 7/13
   908 | Ossuary  | Entered an ossuary
  1082 | D:5      | Gained mutation: You are surrounded by a mild repulsion field (EV +2). [mutagenic meat]
  1314 | D:5      | Reached skill level 5 in Ice Magic
  1337 | D:5      | Reached skill level 5 in Spellcasting
  1393 | D:6      | Reached XP level 8. HP: 39/46 MP: 8/16
  1462 | D:6      | Learned a level 2 spell: Repel Missiles
  1466 | D:6      | Learned a level 2 spell: Swiftness
  1489 | D:6      | Found a white marble altar of Elyvilon.
  1492 | D:6      | Became a worshipper of Elyvilon the Healer
  1665 | D:7      | Found a glowing silver altar of Zin.
  1705 | D:7      | Found a staircase to the Ecumenical Temple.
  1710 | Temple   | Entered the Ecumenical Temple
  1725 | Temple   | Fell from the grace of Elyvilon
  1725 | Temple   | Became a worshipper of Ru the Awakened
  1739 | Temple   | Fell from the grace of Ru
  1739 | Temple   | Became a worshipper of Nemelex Xobeh the Trickster
  1824 | D:9      | Received a gift from Nemelex Xobeh
  1993 | D:9      | Noticed a two-headed ogre
  1999 | D:9      | Killed a two-headed ogre
  1999 | D:9      | Reached skill level 1 in Charms
  1999 | D:9      | Reached skill level 1 in Translocations
  1999 | D:9      | Reached skill level 1 in Air Magic
  2035 | D:9      | Noticed a cyan ugly thing
  2050 | D:9      | Killed a cyan ugly thing
  2050 | D:9      | Reached skill level 2 in Translocations
  2050 | D:9      | Reached XP level 9. HP: 51/51 MP: 2/20
  2076 | D:10     | Entered Level 10 of the Dungeon
  2080 | D:10     | Received a gift from Nemelex Xobeh
  2087 | D:10     | Noticed a hill giant
  2099 | D:10     | Killed a hill giant
  2099 | D:10     | Reached skill level 3 in Translocations
  2148 | D:10     | Reached * piety under Nemelex Xobeh
  2302 | D:11     | Reached skill level 4 in Translocations
  2312 | D:11     | Found a frozen archway.
  2342 | D:11     | Identified a scroll of acquirement
  2351 | IceCv    | Entered an ice cave
  2357 | IceCv    | Noticed an ice devil
  2361 | IceCv    | Noticed an ice devil
  2371 | IceCv    | Noticed an ice devil
  2374 | IceCv    | Noticed an ice devil
  2390 | IceCv    | Noticed magog001's ghost (journeyman MiFi)
  2401 | IceCv    | Noticed an ice statue
  2424 | IceCv    | Noticed an ice statue
  2424 | IceCv    | Noticed an ice statue
  2465 | IceCv    | Noticed a necromancer
  2475 | IceCv    | Killed a necromancer
  2475 | IceCv    | Reached skill level 1 in Fighting
  2475 | IceCv    | Reached skill level 1 in Evocations
  2499 | IceCv    | Noticed an ice statue
  2563 | D:11     | Noticed a brown ugly thing
  2647 | D:9      | Received a gift from Nemelex Xobeh
  2768 | D:11     | Reached XP level 10. HP: 18/63 MP: 1/21
  2855 | D:12     | Reached ** piety under Nemelex Xobeh
  2972 | D:11     | Found a staircase to the Lair.
  3025 | Lair:1   | Entered Level 1 of the Lair of Beasts
  3086 | Lair:1   | Reached skill level 5 in Dodging
  3216 | Lair:3   | Found a hole to the Spider Nest.
  3290 | Lair:3   | Received a gift from Nemelex Xobeh
  3388 | Lair:4   | Noticed a spiny frog
  3395 | Lair:4   | Noticed an elephant
  3398 | Lair:4   | Noticed an elephant
  3400 | Lair:4   | Noticed a death yak
  3408 | Lair:4   | Noticed an elephant
  3415 | Lair:4   | Reached *** piety under Nemelex Xobeh
  3416 | Lair:4   | Noticed a death yak
  3424 | Lair:4   | Noticed a death yak
  3425 | Lair:4   | Noticed a death yak
  3426 | Lair:4   | Noticed a death yak
  3426 | Lair:4   | Noticed a death yak
  3444 | Lair:4   | Received a gift from Nemelex Xobeh
  3460 | Lair:4   | Noticed a spiny frog
  3464 | Lair:4   | Killed a spiny frog
  3465 | Lair:4   | Killed a death yak
  3465 | Lair:4   | Reached skill level 5 in Fighting
  3465 | Lair:4   | Reached skill level 5 in Evocations
  3469 | Lair:4   | Killed a death yak
  3474 | Lair:4   | Killed a death yak
  3482 | Lair:4   | Killed a death yak
  3489 | Lair:4   | Noticed a black mamba
  3495 | Lair:4   | Killed a death yak
  3496 | Lair:4   | Killed a black mamba
  3499 | Lair:4   | Killed a death yak
  3499 | Lair:4   | Reached XP level 11. HP: 53/72 MP: 22/22
  3640 | Lair:4   | Noticed GammafunkIsRetarded's ghost (novice HEIE)
  3739 | Lair:5   | Noticed an oklob plant
  3785 | Lair:5   | Killed an oklob plant
  3801 | Lair:6   | Noticed a fire crab
  3840 | Lair:6   | Received a gift from Nemelex Xobeh
  3927 | Lair:5   | Reached **** piety under Nemelex Xobeh
  4017 | Lair:5   | Noticed a four-headed hydra
  4054 | Lair:5   | Killed a one-headed hydra
  4194 | Lair:7   | Noticed a four-headed hydra
  4202 | Lair:7   | Killed a one-headed hydra
  4211 | Lair:7   | Received a gift from Nemelex Xobeh
  4359 | Lair:7   | Reached skill level 5 in Translocations
  4442 | Lair:6   | Received a gift from Nemelex Xobeh
  4473 | Lair:7   | Noticed a death yak
  4487 | Lair:7   | Reached skill level 6 in Translocations
  4538 | Lair:7   | Learned a level 7 spell: Malign Gateway
  4546 | Lair:7   | Noticed a death yak
  4549 | Lair:7   | Noticed a death yak
  4554 | Lair:7   | Noticed a death yak
  4561 | Lair:7   | Killed a death yak
  4563 | Lair:7   | Killed a death yak
  4569 | Lair:7   | Killed a death yak
  4569 | Lair:7   | Reached skill level 7 in Translocations
  4595 | Lair:8   | Entered Level 8 of the Lair of Beasts
  4598 | Lair:8   | Found a labyrinth entrance.
  4616 | Lair:8   | Noticed a six-headed hydra
  4679 | Lair:8   | Killed a five-headed hydra
  4679 | Lair:8   | Reached XP level 12. HP: 81/81 MP: 5/23
  4691 | Lab      | Entered a labyrinth
  4719 | Lab      | Reached ***** piety under Nemelex Xobeh
  4824 | Lab      | Noticed a minotaur
  4864 | Lab      | Killed a minotaur
  4872 | Lab      | Got a twisted plate armour
  4886 | Lab      | Identified the +9 plate armour of Wadghujue {*Confuse rElec Int+4 Dex+4} (You took it off a minotaur in a labyrinth)
  4901 | Lab      | Identified the Papyrus of Clay (You found it in a labyrinth)
  4909 | Lab      | Identified the Catalogue of the Aerial Entourage (You found it in a labyrinth)
  4930 | Lair:8   | Received a gift from Nemelex Xobeh
  5037 | Lair:8   | Reached skill level 8 in Translocations
  5113 | Lair:8   | Found a runed door.
  5113 | Lair:8   | Found a viscous altar of Jiyva.
  5113 | Lair:8   | Noticed an acid blob
  5113 | Lair:8   | Noticed an acid blob
  5114 | Lair:8   | Found a staircase to the Slime Pits.
  5114 | Lair:8   | Noticed an acid blob
  5115 | Lair:8   | Noticed a four-headed hydra
  5121 | Lair:8   | Killed a one-headed hydra
  5201 | Lair:8   | Noticed a death yak
  5217 | Lair:8   | Killed a death yak
  5219 | Lair:8   | Received a gift from Nemelex Xobeh
  5254 | Lair:8   | Reached skill level 9 in Translocations
  5258 | Lair:8   | Noticed a seven-headed hydra
  5269 | Lair:8   | Killed a six-headed hydra
  5336 | Lair:8   | Found a burning altar of Makhleb.
  5339 | Lair:8   | Noticed a hell beast
  5357 | Lair:8   | a hell beast changed into a tormentor
  5390 | Lair:8   | Found a gateway to Hell.
  5399 | Lair:8   | Learned a level 5 spell: Summon Demon
  5412 | Lair:8   | Noticed a dire elephant
  5444 | Lair:8   | Noticed an emperor scorpion
  5444 | Lair:8   | a dire elephant changed into an emperor scorpion
  5464 | Lair:8   | Killed an emperor scorpion
  5464 | Lair:8   | Reached skill level 10 in Translocations
  5591 | Lair:8   | Received a gift from Nemelex Xobeh
  5800 | Lair:6   | Noticed Maud
  5812 | Lair:6   | Killed Maud
  5871 | Lair:6   | You fall through a shaft for 2 floors!
  5938 | Lair:7   | Killed a death yak
  5978 | Lair:6   | Reached XP level 13. HP: 73/87 MP: 6/26
  5999 | Lair:6   | Received a gift from Nemelex Xobeh
  6460 | Lair:4   | Received a gift from Nemelex Xobeh
  6683 | Spider:1 | Entered Level 1 of the Spider Nest
  6700 | Spider:1 | Reached skill level 11 in Translocations
  6728 | Spider:1 | Learned a level 6 spell: Deflect Missiles
  6906 | Spider:2 | Noticed a spark wasp
  6918 | Spider:2 | Killed a spark wasp
  6986 | Spider:1 | Received a gift from Nemelex Xobeh
  7139 | Spider:1 | Reached skill level 12 in Translocations
  7143 | Spider:1 | Reached skill level 10 in Spellcasting
  7152 | Spider:1 | Got a shimmering leather armour
  7169 | Spider:1 | Identified the +1 leather armour of Spite {rPois Regen+ rCorr Str-3} (You found it on level 1 of the Spider Nest)
  7308 | Spider:1 | Learned a level 3 spell: Regeneration
  7413 | Spider:2 | Received a gift from Nemelex Xobeh
  7421 | Spider:2 | Reached skill level 10 in Summonings
  7442 | Spider:2 | Noticed an emperor scorpion
  7445 | Spider:2 | XOM: potion effect (brilliance)
  7451 | Spider:2 | nemelex please stop hasting all these spiders thank you
  7519 | Spider:2 | Killed an eldritch tentacle
  7525 | Spider:2 | Noticed an emperor scorpion
  7551 | Spider:2 | Killed an eldritch tentacle
  7588 | Spider:1 | Noticed Josephine
  7594 | Spider:1 | Killed Josephine
  7611 | Spider:1 | Killed an eldritch tentacle
  7697 | Spider:2 | Killed an eldritch tentacle
  7727 | Spider:2 | Killed a ghost moth
  7727 | Spider:2 | Reached XP level 14. HP: 46/92 MP: 2/29
  7739 | Spider:2 | Reached skill level 13 in Translocations
  7775 | Spider:2 | Noticed an emperor scorpion
  7800 | Spider:2 | Killed an emperor scorpion
  7823 | Spider:2 | Killed an eldritch tentacle
  7946 | Spider:2 | Killed a ghost moth
  7963 | Spider:2 | Killed an eldritch tentacle
  7978 | Spider:2 | Got a vibrating turquoise ring
  7980 | Spider:2 | Identified the ring "Cafei" {MR+ Str+6} (You found it on level 2 of the Spider Nest)
  8024 | Spider:2 | Killed an eldritch tentacle
  8062 | Spider:2 | Noticed an emperor scorpion
  8126 | Spider:2 | Gained mutation: Your body sometimes deteriorates upon taking damage. [potion of mutation]
  8126 | Spider:2 | Gained mutation: You possess an exceptional clarity of mind. [potion of mutation]
  8126 | Spider:2 | Gained mutation: You have a pair of small horns on your head. [potion of mutation]
  8272 | Spider:3 | Killed an eldritch tentacle
  8305 | Spider:3 | Killed an eldritch tentacle
  8311 | Spider:3 | Cast into level 2 of the Abyss (miscasting Malign Gateway)
  8311 | Abyss:2  | Found a corrupted altar of Lugonu.
  8339 | Abyss:2  | Noticed a bone dragon
  8360 | Abyss:2  | Noticed an angel
  8389 | Abyss:2  | Mangled by an angel

Skill      XL: |  1  2  3  4  5  6  7  8  9 10 11 12 13 14 |
---------------+-------------------------------------------+-----
Spellcasting   | 3 5 7 8 10 | 10.3
Ice Magic      | 4 5 7 |  7.1
Summonings     | 3 4 5 6 9 10 11 | 11.1
Charms         | 2 4 |  4.6
Translocations | 2 4 7 10 12 13 | 13.9
Air Magic      | 2 4 |  4.4
Fighting       | 3 6 7 |  7.6
Dodging        | 4 7 8 |  8.7
Evocations     | 3 6 7 |  7.7
Stealth        | |  2.1
Conjurations   | |  1.1

Action                   |  1- 3 |  4- 6 |  7- 9 | 10-12 | 13-15 || total
-------------------------+-------+-------+-------+-------+-------++-------
Melee: Dagger            |     4 |    15 |       |       |       ||    19
       Hand axe          |       |    10 |   127 |   216 |    96 ||   449
       Scythe            |       |    35 |    53 |   124 |    39 ||   251
       Headbutt          |       |       |       |       |     1 ||     1
Throw: Throwing net      |       |       |       |       |     2 ||     2
 Cast: Freeze            |    24 |    16 |    19 |    32 |     4 ||    95
       Summon Ice Beast  |       |     6 |    55 |   122 |    34 ||   217
       Apportation       |       |     1 |       |    16 |    27 ||    44
       Repel Missiles    |       |       |     1 |       |       ||     1
       Summon Butterflie |       |       |       |     4 |    16 ||    20
       Summon Demon      |       |       |       |    15 |    43 ||    58
       Malign Gateway    |       |       |       |       |    11 ||    11
       Regeneration      |       |       |       |       |     4 ||     4
       Swiftness         |       |       |       |       |     3 ||     3
Invok: Deal Four         |       |       |       |       |     5 ||     5
 Abil: Evoke Berserk Rag |       |     1 |     1 |       |       ||     2
Evoke: Deck              |       |       |    17 |    41 |    25 ||    83
       Wand              |       |       |     5 |    20 |    49 ||    74
       Stone of tremors  |       |       |       |     1 |     3 ||     4
       Sack of spiders   |       |       |       |       |    16 ||    16
       Lamp of fire      |       |       |       |       |     2 ||     2
       Staff of energy   |       |       |       |       |     2 ||     2
       Crystal ball of e |       |       |       |       |     2 ||     2
       Phantom mirror    |       |       |       |       |     1 ||     1
  Use: Potion            |       |     3 |     6 |     5 |    11 ||    25
       Scroll            |       |     8 |    12 |    13 |     9 ||    42
 Stab: Sleeping          |     2 |     1 |     2 |     4 |     2 ||    11
       Distracted        |       |     2 |     5 |     7 |     1 ||    15
       Invisible         |       |       |     2 |     1 |       ||     3
       Paralysed         |       |       |       |     4 |       ||     4
       Confused          |       |       |       |       |     4 ||     4
  Eat: Bread ration      |       |     1 |       |       |     4 ||     5
       Chunk             |       |       |     9 |    20 |     2 ||    31
       Beef jerky        |       |       |     2 |     2 |       ||     4
       Pizza             |       |       |     1 |       |     1 ||     2
       Fruit             |       |       |       |     3 |       ||     3
       Meat ration       |       |       |       |       |     1 ||     1
Armor: Robe              |    11 |     7 |    60 |    59 |    68 ||   205
       Skin              |       |       |       |       |     9 ||     9
Dodge: Dodged            |    17 |    44 |   229 |   474 |   565 ||  1329
       Deflected         |       |       |     1 |     2 |     1 ||     4
